 Dungeon Crawl Stone Soup version 0.29.0-7-g18a832c13a (webtiles) character file.

Game seed: 14246327448604426049

102 SensoryNuts the Sneak (level 4, -7/30 HPs)
             Began as an Octopode Brigand on Aug 30, 2022.
             Mangled by a gnoll
             ... wielding a +0 halberd
              (10 damage)
             ... on level 3 of the Dungeon.
             The game lasted 00:04:21 (3661 turns).

SensoryNuts the Sneak (Octopode Brigand)            Turns: 3661, Time: 00:04:22

Health: -7/30      AC:  1    Str: 10    XL:     4   Next: 77%
Magic:  4/4        EV: 13    Int: 13    God:
Gold:   22         SH:  0    Dex: 15    Spells: 3/3 levels left

rFire   . . .      SeeInvis +   a - +3 dagger
rCold   . . .      Faith    .   (no shield)
rNeg    . . .      Spirit   .   (helmet restricted)
rPois   .          Reflect  .   (no amulet)
rElec   .          Harm     .   h - ring of see invisible
rCorr   .          Rampage  .   (no ring)
Will    .....                   (no ring)
Stlth   ++++......              (no ring)
HPRegen 0.10/turn               (no ring)
MPRegen 0.09/turn               (no ring)
                                (no ring)
                                (no ring)

@: no status effects
A: almost no armour, amphibious, 8 rings, camouflage 1, gelatinous body 1,
(nimble swimmer 1), tentacles
a: no special abilities


You were on level 3 of the Dungeon.
You visited 1 branch of the dungeon, and saw 3 of its levels.

You collected 66 gold pieces.
You spent 44 gold pieces at shops.

Inventory:

Hand Weapons
 a - a +3 dagger (weapon)
Missiles
 b - 13 poisoned darts (quivered)
 c - 3 curare-tipped darts
Jewellery
 h - a ring of see invisible (left tentacle)
 i - a ring of protection from cold
 j - an amulet of faith
Scrolls
 k - 2 scrolls of teleportation
 q - a scroll of butterflies
Potions
 d - a potion of cancellation
 f - a potion of mutation {unknown}
 g - a potion of berserk rage {unknown}
 l - a potion of ambrosia {unknown}
 m - a potion of curing


   Skills:
 + Level 2.4 Fighting
 * Level 3.1 Short Blades
 + Level 2.3 Throwing
 + Level 1.2 Dodging
 + Level 6.7 Stealth


You had 3 spell levels left.
You didn't know any spells.
Your spell library contained the following spells:

 Spells                   Type           Power      Damage    Failure   Level
 Magic Dart               Conj           0%         1d3       30%         1
 Call Imp                 Summ           0%         N/A       43%         2
 Mephitic Cloud           Conj/Pois/Air  0%         N/A       67%         3


Dungeon Overview and Level Annotations

Branches:
Dungeon (3/15)

Altars:
Uskayaw

Shops:
D:2 **!*!


Innate Abilities, Weirdness & Mutations

You cannot wear most types of armour.
You are amphibious.
You can wear up to eight rings at the same time.
Your skin changes colour to match your surroundings (Stealth+).
Your rubbery body absorbs attacks. (AC +1, EV +1)
((You are camouflaged when in or above water. (Stealth+)))
You have tentacles for arms and can constrict up to eight enemies at once.


Message History

There is a stone staircase leading down here.
An adder is nearby!
You miss the adder. Your grab misses the adder. You squeeze the adder.
The adder is heavily wounded.
The adder bites you.
You hit the adder. You grab the adder.
The adder is almost dead.
You constrict the adder. The adder bites you but does no damage.
You hit the adder.
You kill the adder!
HP restored.
Done exploring.
You climb downwards.
The gnoll closely misses you.
There is a stone staircase leading up, spattered with blood here.
The gnoll closely misses you. The gnoll misses you.
You climb upwards.
There is a stone staircase leading down here.
You climb downwards.
The gnoll barely misses you.
There is a stone staircase leading up, spattered with blood here.
The gnoll hits you from afar with a +0 halberd!
The gnoll hits you from afar with a +0 spear!
* * * LOW HITPOINT WARNING * * *
You climb upwards.
There is a stone staircase leading down here.
Key pressed, stopping explore.
HP restored.
Done exploring.
You climb downwards.
There is a stone staircase leading up, spattered with blood here.
The gnoll misses you. The gnoll barely misses you.
You climb upwards.
There is a stone staircase leading down here.
You climb downwards.
The gnoll hits you with a +0 halberd! x2
Ouch! That really hurt!
* * * LOW HITPOINT WARNING * * *
There is a stone staircase leading up, spattered with blood here.
There are no items here.
Unknown command.
The gnoll closely misses you. The gnoll hits you with a +0 halberd!
You die...

... #.# ##
#.# ..
##.##8##..
#..(.g....
##..# ###
#...# .....
.. #.#.##
..##
#...#.g)@#..#
#....g[)8.#
#####[#...#
###.#...#
#.....#.#
#.#.####.#
##.#)# ##
##..#.#
####..##.#


You could see 2 gnolls.

Vanquished Creatures
  Robin (D:3)
  A gnoll (D:3)
  2 adders (D:2)
  2 worms (D:2)
  2 dart slugs (D:1)
  An orc (D:3)
  5 ball pythons
  3 bats
  4 endoplasms
  3 giant cockroaches
  10 goblins
  7 hobgoblins
  4 kobolds
  A frilled lizard (D:1)
  2 rats (D:1)
48 creatures vanquished.

Notes
Turn   | Place    | Note
-------+----------+-------------------------------------------
     0 | D:1      | SensoryNuts the Octopode Brigand began the quest for the
                  | Orb.
     0 | D:1      | Reached XP level 1. HP: 14/14 MP: 1/1
   100 | D:1      | Reached XP level 2. HP: 19/19 MP: 2/2
   192 | D:1      | Found a faded altar of an unknown god.
   493 | D:1      | Reached skill level 6 in Stealth
   852 | D:1      | Reached XP level 3. HP: 24/24 MP: 3/3
  1428 | D:2      | Found Nabrebug's General Store.
  1461 | D:2      | Found Gavaghyu's Assorted Antiques.
  1472 | D:2      | Bought a bubbling golden potion for 22 gold pieces
  1689 | D:2      | Found Metzusiumm's Distillery.
  1695 | D:2      | Found a hide-covered altar of Uskayaw.
  1955 | D:2      | Found Ijoxt's Distillery.
  2186 | D:2      | Found Rutahimm's General Store.
  2198 | D:2      | Bought a scroll of identify for 22 gold pieces
  2522 | D:3      | Noticed Robin
  2529 | D:3      | Reached XP level 4. HP: 20/30 MP: 4/4
  2924 | D:3      | Killed Robin
  3661 | D:3      | Mangled by a gnoll

Illustrated notes

Levels and vault maps discovered:
D:1:      wheals_arrival_linesprint, layout_loops_ring,
          shapermc_ecumenical_altar_mp_highgroup, serial_aquarium,
          aquarium_bridge_long_separate [aquarium_subvault_bridge,
          aquarium_subvault_bridge, aquarium_subvault_window,
          aquarium_subvault_balcony, aquarium_subvault_bridge,
          aquarium_subvault_wall], aquarium_window_corridor_2,
          aquarium_window_fake, aquarium_view_2c, aquarium_balcony_5b
D:2:      layout_loops_ring, basic_altar, serial_shops, shop,
          nicolae_square_shop, nicolae_square_shop, nicolae_square_shop,
          nicolae_diamond_shop
D:3:      layout_rooms, mainiacjoe_overflow_cross_hatched, minitemple,
          serial_shops, shop, shop_statue, gammafunk_ghost_nasty_kobolds,
          uniq_robin

Skill      XL: |  1  2  3  4 |
---------------+-------------+-----
Stealth        | 6 |  6.7
Short Blades   | 3 |  3.1
Fighting       | |  2.4
Throwing       | |  2.3
Dodging        | |  1.2

Action                   |  1- 3 |  4- 6 || total
-------------------------+-------+-------++-------
Melee: Dagger            |    61 |    33 ||    94
       Constrict         |    11 |     7 ||    18
       Tentacles         |    16 |     6 ||    22
Throw: Dart              |    12 |     1 ||    13
  Use: Scroll            |     9 |       ||     9
       Potion            |     2 |       ||     2
 Stab: Sleeping          |    11 |       ||    11
Armor: Skin              |       |     4 ||     4
Dodge: Dodged            |    17 |    38 ||    55
